 Dungeon Crawl Stone Soup version 0.28.0-43-g3370ac3207 (console) character file.

Game seed: 839112667566751901

50 Zeor the Shooter (level 3, -1/33 HPs)
             Began as a Naga Hunter on Mar 16, 2022.
             Slain by Natasha (8 damage)
             ... on level 2 of the Dungeon.
             The game lasted 00:02:54 (1148 turns).

Zeor the Shooter (Naga Hunter)                      Turns: 1148, Time: 00:02:56

Health: -1/33      AC:  2    Str: 14    XL:     3   Next: 79%
Magic:  3/3        EV:  9    Int: 11    God:
Gold:   21         SH:  0    Dex: 13    Spells: 2/2 levels left

rFire   . . .      SeeInvis +   a - +1 shortbow
rCold   . . .      Faith    .   (shield currently unavailable)
rNeg    . . .      Spirit   .   c - +0 leather armour
rPois   +          Reflect  .   (no helmet)
rElec   .          Harm     .   (no cloak)
rCorr   .          Rampage  .   (no gloves)
Will    .....                   (no barding)
Stlth   ++........              (no amulet)
HPRegen 0.11/turn               (no ring)
MPRegen 0.08/turn               (no ring)

@: short of breath, very slow
A: AC +1, large, see invisible, deformed body, poison resistance, slowness 2,
spit poison 1, naga tail 1
a: Spit Poison


You were on level 2 of the Dungeon.
You visited 1 branch of the dungeon, and saw 2 of its levels.

You collected 21 gold pieces.

Inventory:

Hand Weapons
 a - a +1 shortbow (weapon)
 b - a +0 short sword
 f - a +0 whip of draining
Missiles
 d - 2 arrows (quivered ammo)
Armour
 c - a +0 leather armour (worn)
Scrolls
 h - 2 scrolls of silence
Potions
 e - a potion of degeneration {unknown}


   Skills:
 + Level 2.5 Fighting
 + Level 0.1 Short Blades
 + Level 4.5 Bows
 + Level 0.2 Armour
 + Level 1.6 Dodging
 + Level 1.5 Stealth


You had 2 spell levels left.
You didn't know any spells.
Your spell library contained the following spells:

 Spells                   Type           Power      Damage    Failure   Level
 Foxfire                  Conj/Fire      0%         2x1d4     41%         1
 Conjure Flame            Conj/Fire      0%         6-21      80%         3
 Inner Flame              Hex/Fire       0%         N/A       80%         3
 Flame Wave               Conj/Fire      0%         2d4       99%         4


Dungeon Overview and Level Annotations

Branches:
Dungeon (2/15)

Altars:

Annotations:
D:2 Natasha


Innate Abilities, Weirdness & Mutations

Your serpentine skin is tough. (AC +1)
You have supernaturally acute eyesight. (SInv)
Armour fits poorly on your strangely shaped body.
Your system is resistant to poisons. (rPois)
You cover ground very slowly.
You can spit poison.
You have a snake-like lower body.


Message History

You shoot an arrow. The arrow closely misses Natasha.
Aiming: Spit Poison (2% risk of failure)
Press: ? - help, Shift-Dir - straight line, f/p - Natasha
Aim: Natasha (50% to hit)
The splash of poison hits Natasha.
Natasha is moderately wounded.
You shoot an arrow. The arrow hits Natasha.
Natasha is heavily wounded.
You shoot an arrow. The arrow hits Natasha.
Natasha is heavily wounded.
b - a +0 short sword (weapon)
Natasha barely misses you.
You completely miss Natasha.
Natasha is heavily wounded.
You have got your breath back.
Natasha stares at you and mumbles some strange words.
The magic dart hits you.
Aiming: Spit Poison (2% risk of failure)
Press: ? - help, Shift-Dir - straight line, f/p - Natasha
Aim: Natasha (heavily wounded, 50% to hit)
The splash of poison misses Natasha.
Natasha barely misses you.
a - a +1 shortbow (weapon)
Natasha claws you.
You shoot an arrow. The arrow hits Natasha.
Natasha is severely wounded.
Natasha claws you. The white imp hits you. The white imp freezes you.
Fire: 4 arrows
Press: ? - help, Q - select action, (/) - cycle Shift-Dir - straight line, f/p - Natasha
Aim: Natasha (severely wounded, 55% to hit)
You shoot an arrow. The arrow hits Natasha.
Natasha is almost dead.
Natasha claws you!
* * * LOW HITPOINT WARNING * * *
The white imp closely misses you.
Fire: 3 arrows
Press: ? - help, Q - select action, (/) - cycle Shift-Dir - straight line, f/p - Natasha
Aim: Natasha (almost dead, 55% to hit)
You shoot an arrow. The arrow closely misses Natasha.
Natasha claws you!
You die... ∙∙∙∙>∙∙∙∙∙(∙∙▒ ∙∙∙∙∙∙∙∙∙$∙∙∙▒ ∙∙∙∙∙∙∙∙∙∙∙∙$▒ ∙∙∙ ∙∙∙∙∙∙∙∙∙∙∙∙∙■

▒∙∙▒ ∙∙∙∙∙∙∙∙∙∙∙∙∙▒
▒∙∙∙▒ ∙∙∙∙∙∙∙∙∙∙∙∙∙▒
∙∙∙∙▒
(∙∙∙∙∙5∙∙∙∙∙∙▒∙∙∙∙∙∙
(∙∙∙((hN†∙†∙∙▒∙∙∙∙∙∙
∙∙∙∙(∙∙∙▒▒■▒∙∙∙▒
∙∙∙∙∙∙∙∙▒ ▒<▒▒▒
∙∙∙∙∙∙∙∙▒∙∙∙∙∙▒
∙∙∙∙∙∙∙∙▒∙∙∙∙∙▒
∙▒▒▒▒▒▒▒▒∙∙∙∙∙▒
▒∙∙∙∙∙▒ ▒∙∙∙∙∙▒
▒∙∙∙∙∙▒


You could see Natasha and a white imp (summoned).

Vanquished Creatures
  An iguana (D:2)
  5 bats
  3 endoplasms (D:1)
  A giant cockroach (D:2)
  4 jackals (D:1)
  3 kobolds (D:1)
  3 quokkas (D:1)
  A goblin (D:1)
  A rat (D:1)
22 creatures vanquished.

Notes
Turn   | Place    | Note
-------+----------+-------------------------------------------
     0 | D:1      | Zeor the Naga Hunter began the quest for the Orb.
     0 | D:1      | Reached XP level 1. HP: 19/19 MP: 1/1
   190 | D:1      | Reached XP level 2. HP: 11/26 MP: 2/2
   194 | D:1      | Reached skill level 4 in Bows
  1105 | D:2      | Reached XP level 3. HP: 33/33 MP: 3/3
  1137 | D:2      | Noticed Natasha
  1148 | D:2      | Slain by Natasha

Illustrated notes

Levels and vault maps discovered:
D:1:      dpeg_arrival_castle, layout_rooms
D:2:      layout_basic, uniq_terence, uniq_natasha

Skill      XL: |  1  2 |
---------------+-------+-----
Bows           | 4 |  4.5
Fighting       | |  2.5
Short Blades   | |  0.1
Armour         | |  0.2
Dodging        | |  1.6
Stealth        | |  1.5

Action                   || total
-------------------------++-------
Melee: Short sword       ||    20
 Fire: Shortbow          ||    37
 Abil: Spit Poison       ||     9
  Use: Scroll            ||     2
Armor: Leather armour    ||     7
Dodge: Dodged            ||    19
